 Dungeon Crawl Stone Soup version 0.23.2-1-ga50397a (webtiles) character file.

Game seed: 6796657118661169025

46 VAZYLA the Sneak (level 3, -1/27 HPs)
             Began as a Vampire Assassin on May 24, 2019.
             Hit by a goblin thrown by Robin (3 damage)
             ... on level 2 of the Dungeon on May 25, 2019.
             The game lasted 00:05:19 (896 turns).

VAZYLA the Sneak (Vampire Assassin)                  Turns: 896, Time: 00:05:20

Health: -1/27      AC:  0    Str: 10    XL:     3   Next: 44%
Magic:  1/3        EV: 19    Int: 14    God:
Gold:   74         SH:  0    Dex: 20    Spells: 2/2 levels left

rFire    . . .     SeeInvis +   (weapon currently unavailable)
rCold    . . .     Gourm    .   (shield currently unavailable)
rNeg     + . .     Faith    .   (armour currently unavailable)
rPois    .         Spirit   .   (helmet currently unavailable)
rElec    .         Reflect  .   (cloak currently unavailable)
rCorr    .         Harm     .   (gloves currently unavailable)
MR       .....                  (boots currently unavailable)
Stlth    ++++++....             (no amulet)
HPRegen  0.09/turn              (ring currently unavailable)
MPRegen  0.08/turn              (ring currently unavailable)

@: bat-form, flying, very quick
A: tiny, fangs 3, see invisible
a: End Transformation


You were on level 2 of the Dungeon.
You were not thirsty.
You were in vampire-bat-form.
You visited 1 branch of the dungeon, and saw 2 of its levels.

You collected 74 gold pieces.

Inventory:

Hand Weapons
 a - a +2 dagger (melded)
 b - a +0 blowgun
Missiles
 e - 8 poisoned needles
 f - 2 curare-tipped needles
Armour
 c - a +0 robe
 d - a +0 cloak (melded)
 i - a +2 hat (melded)
 k - a +0 ring mail (melded)
Scrolls
 h - 2 scrolls of remove curse
 j - 2 scrolls of identify {unknown}
 m - a scroll of blinking {unknown}
 n - a scroll of enchant armour {unknown}
 o - 3 scrolls of teleportation {unknown}
Potions
 g - a potion of haste {unknown}
 l - 2 potions of magic {unknown}
 q - 12 potions of blood


   Skills:
 + Level 2.2 Fighting
 + Level 2.7 Short Blades
 + Level 2.0 Throwing
 + Level 1.8 Dodging
 + Level 6.2 Stealth


You had 2 spell levels left.
You didn't know any spells.
Your spell library was empty.

Dungeon Overview and Level Annotations

Branches:
Dungeon (2/15)

Altars:

Annotations:
D:2 Robin


Innate Abilities, Weirdness & Mutations

You have razor-sharp teeth.
You have supernaturally acute eyesight. (SInv)
((You can survive without breathing.))


Message History

Robin is heavily wounded.
The hobgoblin hits you.
* * * LOW HITPOINT WARNING * * *
Robin hits you but does no damage.
As you read the scroll labeled XOCZEU QUMIEVILIE, it crumbles to dust.
You feel blessed for a moment.
It was a scroll of remove curse.
The goblin hits you but does no damage. The hobgoblin hits you.
* * * LOW HITPOINT WARNING * * *
You turn into a vampire bat.
Your +2 dagger melds into your body.
Your +0 cloak melds into your body.
Your +2 hat melds into your body.
Your +0 ring mail melds into your body.
The hobgoblin no longer looks unusually strong.
The goblin closely misses you. Robin closely misses you.
The hobgoblin barely misses you.
Robin roars a battlecry!
The hobgoblins go into a battle-frenzy!
The goblin no longer looks unusually strong.
Robin throws the goblin at you! Robin throws the goblin at you!
You die...

#.######.###.##
##.#....... .g.
.......... #g#
.#.#.##.###.#
.........gg#
#.#.##.###.#
#.#####.#.##.###.######
......................#
#..............bg.......
#######.####..g.........
#.# #.###.####### #.#
#.# #.# #.# #.# #.# #.#
#.# #.# #.# #.. ...
####.# .# #....#


You could see Robin, a hobgoblin and 3 goblins.

Vanquished Creatures
  An ooze (D:1)
  3 dart slugs (D:1)
  3 bats (D:1)
  A giant cockroach (D:1)
  11 goblins
  4 hobgoblins
  4 jackals (D:1)
  A frilled lizard (D:1)
  2 rats (D:1)
30 creatures vanquished.

Notes
Turn   | Place    | Note
-------+----------+-------------------------------------------
     0 | D:1      | VAZYLA the Vampire Assassin began the quest for the Orb.
     0 | D:1      | Reached XP level 1. HP: 16/16 MP: 1/1
   134 | D:1      | Reached skill level 6 in Stealth
   138 | D:1      | Reached XP level 2. HP: 19/22 MP: 2/2
   615 | D:1      | Reached XP level 3. HP: 27/27 MP: 3/3
   868 | D:2      | Noticed Robin
   896 | D:2      | Hit by a goblin thrown by Robin

Skill      XL: |  1  2  3 |
---------------+----------+-----
Stealth        | 6 |  6.2
Fighting       | 2 |  2.2
Throwing       | 2 |  2.0
Short Blades   | |  2.7
Dodging        | |  1.8

Action                   || total
-------------------------++-------
Melee: Dagger            ||   107
       Bite              ||     7
 Abil: Bat Form          ||     1
  Use: Scroll            ||     1
 Stab: Sleeping          ||     3
Armor: Robe              ||     6
       Skin              ||     5
       Ring mail         ||    23
Dodge: Dodged            ||    60
